[Event "Titled Tuesday Blitz December 7 2021"]
[White "Rakhmanov, Aleksandr"]
[Black "Yurovskykh, Oleksandr"]
[WhiteFideId "4173708"]
[BlackFideId "14134020"]
[WhiteElo "2732"]
[BlackElo "2593"]
[Result "1-0"]
[Round "08"]
[TimeControl "180+1"]
[Date "2021.12.07"]
[WhiteClock "0:00:19"]
[BlackClock "0:00:07"]

1. Nf3 d5 2. g3 c6 3. Bg2 Bg4 4. O-O Nd7 5. d4 e6 6. c4 Ngf6 7. Nbd2 Be7 8. h3 Bh5 9. Qb3 Qb6 10. c5 Qxb3 11. axb3 a6 12. b4 O-O-O 13. g4 Bg6 14. e3 Ne4 15. Nb3 Rde8 16. Na5 Bd8 17. Ne1 h5 18. f4 hxg4 19. hxg4 Ng3 20. Rf2 Be4 21. Nf3 f6 22. Bd2 Bc7 23. Bc3 e5 24. fxe5 fxe5 25. Ng5 Bxg2 26. Kxg2 Ne4 27. Nxe4 dxe4 28. Nc4 exd4 29. Bxd4 Rh2+ 30. Kg1 Rxf2 31. Kxf2 Rh8 32. Rg1 Nf6 33. g5 Rh2+ 34. Kf1 Nh5 35. Rg2 Rh1+ 36. Ke2 g6 37. Kd2 Ng3 38. Kc2 Nf5 39. Rg4 Rh4 40. Rxh4 Nxh4 41. Nd2 Nf3 42. Nxe4 Bd8 43. Bf6 Kd7 44. Bxd8 Kxd8 45. Kd3 Ke7 46. Ke2 Ne5 47. Nd6 b5 48. e4 Ke6 49. Ke3 Ng4+ 50. Kf4 Nf2 51. Ke3 Nd1+ 52. Kd4 Nxb2 53. Ne8 Nc4 54. Nc7+ Kd7 55. Nxa6 Kc8 56. e5 Nd2 57. e6 Nf3+ 58. Ke4 Nxg5+ 59. Ke5 Nxe6 60. Kxe6 Kb7 61. Kf6 Kxa6 62. Kxg6 Kb7 63. Kf7 Kc8 64. Ke6 Kc7 65. Ke7 Kc8 66. Kd6 Kb7 67. Kd7 Ka7 68. Kxc6 Ka6 69. Kd7 Ka7 70. c6 Kb6 71. c7 Ka7 72. c8=Q Kb6 73. Qc5+ Ka6 74. Qc6+ Ka7 75. Qxb5 Ka8 76. Kc7 Ka7 77. Qb7# 1-0


[Site "https://www.chess.com"]

[Event "Titled Tuesday Blitz December 7 2021"]
[White "Rangel, Daniel"]
[Black "Harshavardhan G B"]
[WhiteFideId "2124475"]
[BlackFideId "25059009"]
[WhiteElo "2400"]
[BlackElo "2671"]
[Result "1-0"]
[Round "08"]
[TimeControl "180+1"]
[Date "2021.12.07"]
[WhiteClock "0:00:16"]
[BlackClock "0:01:16"]

1. c4 c5 2. g3 Nf6 3. Bg2 g6 4. Nc3 Bg7 5. b3 O-O 6. Bb2 Nc6 7. e3 d6 8. Nge2 e5 9. O-O h5 10. d4 exd4 11. exd4 Bf5 12. dxc5 dxc5 13. Na4 Qe7 14. Nf4 Rad8 15. Qe1 Be4 16. Bxf6 Bxf6 17. Qxe4 Bxa1 18. Qxe7 Nxe7 19. Rxa1 b6 20. Nc3 Kg7 21. Ncd5 Nf5 22. Re1 Rfe8 23. Rxe8 Rxe8 24. Kf1 Nd4 25. Ne3 h4 26. Bd5 hxg3 27. hxg3 a6 28. Nd3 Re7 29. Ne1 f5 30. Nf3 Ne6 31. Ne5 Nd4 32. Nc6 Re8 33. Nxd4 cxd4 34. Nc2 d3 35. Ne3 Kf6 36. Ke1 g5 37. Kd2 f4 38. gxf4 gxf4 39. Ng4+ Kg5 40. f3 Re2+ 41. Kxd3 Rxa2 42. b4 Rb2 43. c5 Rxb4 44. c6 Rb5 45. Kd4 Rc5 46. Ne5 Kf5 47. Nd3 Rc2 48. Bc4 Rh2 49. c7 Rh8 50. Bxa6 Kg5 51. c8=Q Rxc8 52. Bxc8 Kh4 53. Bb7 Kg3 54. Be4 b5 55. Kc5 b4 56. Kxb4 Kg2 57. Nxf4+ Kf1 58. Nd5 Ke2 59. Kc5 Kf2 60. Kd6 Kg3 61. Ke6 Kh4 62. Ke5 Kg5 63. f4+ Kh6 64. f5 Kg7 65. f6+ Kf7 66. Kf5 Kg8 67. Ke6 Kf8 68. f7 Kg7 69. Ke7 Kh6 70. f8=Q+ Kg5 71. Qf5+ Kh4 72. Qg6 Kh3 73. Qg5 Kh2 74. Qg2# 1-0


[Site "https://www.chess.com"]

[Event "Titled Tuesday Blitz December 7 2021"]
[White "Rasulov, Vugar"]
[Black "Narayanan, Srinath"]
[WhiteFideId "13402390"]
[BlackFideId "5018420"]
[WhiteElo "2887"]
[BlackElo "2706"]
[Result "1-0"]
[Round "08"]
[TimeControl "180+1"]
[Date "2021.12.07"]
[WhiteClock "0:00:27"]
[BlackClock "0:00:05"]

1. d4 Nf6 2. c4 e6 3. Nc3 Bb4 4. Bd2 O-O 5. e3 d5 6. Nf3 b6 7. Be2 Ba6 8. O-O Bxc4 9. Bxc4 dxc4 10. Ne5 Bxc3 11. Bxc3 Nbd7 12. Nxc4 c5 13. Qf3 Nd5 14. Rfd1 Qe7 15. e4 Nxc3 16. bxc3 cxd4 17. cxd4 Rac8 18. Rac1 b5 19. Na5 Qd6 20. e5 Qb6 21. Nc6 Kh8 22. d5 exd5 23. Qxd5 Nb8 24. Nxb8 Qxb8 25. Rxc8 Rxc8 26. h4 h6 27. Qd7 Rc7 28. Qd6 Qc8 29. Rd3 Rc1+ 30. Kh2 Qc4 31. Rd4 Qf1 32. Rf4 Qg1+ 33. Kg3 Rc3+ 34. f3 Qe1+ 35. Kh2 Rc4 36. Rd4 Rxd4 37. Qxd4 b4 38. Kh3 a5 39. Qd8+ Kh7 40. Qxa5 Qh1+ 41. Kg3 Qe1+ 42. Kg4 Qd2 43. Kh3 Qe1 44. Qd5 Qh1+ 45. Kg3 Qe1+ 46. Kg4 Qe2 47. Kh3 Kg8 48. Qa8+ Kh7 49. Qe4+ Qxe4 50. fxe4 Kg6 51. Kg4 h5+ 52. Kf4 Kh6 53. Kf5 Kh7 54. e6 fxe6+ 55. Kxe6 Kg6 56. e5 1-0


[Site "https://www.chess.com"]

[Event "Titled Tuesday Blitz December 7 2021"]
[White "Reprintsev, Alexander"]
[Black "Goryachkina, Aleksandra"]
[WhiteFideId "14100541"]
[BlackFideId "4147103"]
[WhiteElo "2487"]
[BlackElo "2647"]
[Result "0-1"]
[Round "08"]
[TimeControl "180+1"]
[Date "2021.12.07"]
[WhiteClock "0:00:09"]
[BlackClock "0:00:11"]

1. e4 c5 2. b3 Nf6 3. e5 Nd5 4. Nc3 e6 5. Ne4 Nc6 6. Bb2 Qc7 7. Nf3 b6 8. Bb5 Bb7 9. Qe2 a6 10. Bc4 Nf4 11. Qf1 Nb4 12. Nd6+ Bxd6 13. exd6 Qxd6 14. O-O-O f6 15. a3 Nc6 16. d4 cxd4 17. Nxd4 Nxd4 18. Rxd4 Qc7 19. Qd1 b5 20. Bf1 Rc8 21. Kb1 Nd5 22. Rd3 O-O 23. h4 a5 24. h5 b4 25. h6 g6 26. Rh4 bxa3 27. Bxa3 Rfd8 28. Bb2 Bc6 29. Rxd5 Bxd5 30. Bxf6 Rf8 31. Bb2 Rxf2 32. Bd3 Rxg2 33. Qe1 Qg3 34. Qe5 Qxe5 35. Bxe5 Bc6 36. Bc3 Ra8 37. Kb2 a4 38. b4 a3+ 39. Ka2 Bd5+ 40. Bc4 Rxc2+ 41. Kb3 Rxc3+ 42. Kxc3 Bxc4 43. Kxc4 a2 0-1


[Site "https://www.chess.com"]

[Event "Titled Tuesday Blitz December 7 2021"]
[White "Rodchenkov, Vitaly"]
[Black "Maksimovic, Bojan"]
[WhiteFideId "4152964"]
[BlackFideId "14408120"]
[WhiteElo "2337"]
[BlackElo "2458"]
[Result "0-1"]
[Round "08"]
[TimeControl "180+1"]
[Date "2021.12.07"]
[WhiteClock "0:01:09"]
[BlackClock "0:02:37"]

1. Nf3 Nf6 2. c4 e6 3. b3 c5 4. Bb2 b6 5. e3 Bb7 6. Nc3 Be7 7. d4 d6 8. Bd3 O-O 9. O-O Nbd7 10. Qe2 Rc8 11. Rad1 a6 12. Rfe1 cxd4 13. exd4 Re8 14. h4 Bf8 15. Qe3 Qc7 16. Qf4 e5 17. Qg3 e4 0-1


[Site "https://www.chess.com"]

[Event "Titled Tuesday Blitz December 7 2021"]
[White "Rustemov, Alexander"]
[Black "Materia, Marco"]
[WhiteFideId "4119002"]
[BlackFideId "45150451"]
[WhiteElo "2739"]
[BlackElo "2593"]
[Result "0-1"]
[Round "08"]
[TimeControl "180+1"]
[Date "2021.12.07"]
[WhiteClock "0:00:15"]
[BlackClock "0:00:49"]

1. d4 Nf6 2. c4 e6 3. Nf3 d5 4. Nc3 dxc4 5. e4 Bb4 6. Bg5 h6 7. Bxf6 Qxf6 8. Bxc4 O-O 9. O-O c5 10. e5 Qd8 11. Ne4 cxd4 12. Qe2 Be7 13. Rfd1 Qc7 14. Rac1 Nc6 15. Ng3 Rd8 16. Bd3 Qa5 17. a3 Bf8 18. Qe4 g6 19. h4 Qd5 20. Qf4 Bg7 21. Re1 Bd7 22. b4 Be8 23. Bc4 Qd7 24. Ne4 Qc7 25. Bd3 a6 26. Nf6+ Bxf6 27. Qxf6 Qe7 28. Qf4 Kg7 29. Be4 Rac8 30. Rcd1 b5 31. Rd3 a5 32. bxa5 Nxa5 33. Red1 Nc4 34. Nxd4 Nb2 35. Nc6 Nxd3 0-1


[Site "https://www.chess.com"]

[Event "Titled Tuesday Blitz December 7 2021"]
[White "Sadykov, Ramil"]
[Black "Shipov, Sergei"]
[WhiteFideId "24113590"]
[BlackFideId "4113624"]
[WhiteElo "2535"]
[BlackElo "2742"]
[Result "0-1"]
[Round "08"]
[TimeControl "180+1"]
[Date "2021.12.07"]
[WhiteClock "0:00:01"]
[BlackClock "0:00:57"]

1. e4 e6 2. d3 d5 3. Nd2 c5 4. Ngf3 Nc6 5. g3 Nf6 6. Bg2 g6 7. O-O Bg7 8. Re1 O-O 9. Qe2 b6 10. Nf1 Ba6 11. e5 Nd7 12. Bf4 b5 13. h4 b4 14. h5 Qb6 15. h6 Bh8 16. N1h2 c4 17. Ng4 cxd3 18. cxd3 Nc5 19. Rad1 b3 20. a3 Rac8 21. Bg5 Nd7 22. Qd2 Nd4 23. Qf4 Nxf3+ 24. Bxf3 Rc2 25. d4 Rxb2 26. Nf6+ Bxf6 27. Bxf6 Rc2 28. Rb1 Rfc8 29. Bd1 R2c3 30. Be7 Rd3 31. Bc5 Qa5 32. Bb4 Qb6 33. Bc5 Qb7 34. Bb4 Rc4 35. Bxb3 Rcxd4 36. Qg5 Qc8 37. Ba4 f6 38. exf6 Kf7 39. Rbc1 Rc4 40. Rxc4 Bxc4 41. Qg4 Nb6 42. Bc2 Qc6 43. Bxd3 Bxd3 44. Qf4 Nd7 45. Qe3 Ba6 0-1


[Site "https://www.chess.com"]

[Event "Titled Tuesday Blitz December 7 2021"]
[White "Samadov, Read"]
[Black "Svane, Rasmus"]
[WhiteFideId "13417444"]
[BlackFideId "4657101"]
[WhiteElo "2800"]
[BlackElo "2939"]
[Result "0-1"]
[Round "08"]
[TimeControl "180+1"]
[Date "2021.12.07"]
[WhiteClock "0:00:02"]
[BlackClock "0:00:13"]

1. d4 Nf6 2. c4 e6 3. Nf3 d5 4. g3 Bb4+ 5. Bd2 a5 6. Bg2 O-O 7. Qc2 Be7 8. O-O c6 9. b3 b5 10. Ne5 bxc4 11. bxc4 Nfd7 12. Nd3 Ba6 13. c5 e5 14. dxe5 Bxd3 15. exd3 Nxe5 16. Nc3 Nbd7 17. Na4 Re8 18. Rab1 Rb8 19. Rxb8 Qxb8 20. Rb1 Qa7 21. Be3 Ng4 22. Bd4 Bf6 23. Bxf6 Ngxf6 24. Nb6 Ne5 25. d4 Ng6 26. Qf5 h6 27. h4 Nf8 28. Qd3 Qe7 29. Bf3 g6 30. Kg2 Kg7 31. Rb2 Ne6 32. Re2 Qd8 33. Qd2 h5 34. a4 Nh7 35. Qxa5 Qf6 36. Qc3 g5 37. hxg5 Nhxg5 38. Re5 h4 39. Bg4 h3+ 40. Bxh3 Nxh3 41. Kxh3 Qxf2 42. Qe3 Rh8+ 43. Kg4 f5+ 44. Rxf5 Qxe3 0-1


[Site "https://www.chess.com"]

[Event "Titled Tuesday Blitz December 7 2021"]
[White "Sanchez, Robert"]
[Black "Ianov, Viktor"]
[WhiteFideId "2034360"]
[BlackFideId "14102730"]
[WhiteElo "2360"]
[BlackElo "2567"]
[Result "0-1"]
[Round "08"]
[TimeControl "180+1"]
[Date "2021.12.07"]
[WhiteClock "0:00:33"]
[BlackClock "0:00:59"]

1. e4 d6 2. d4 Nf6 3. Nc3 c6 4. Be3 Qa5 5. f3 Nbd7 6. Bd3 g6 7. Ne2 Bg7 8. O-O O-O 9. a3 e5 10. Qd2 Re8 11. Kh1 Qc7 12. Bc4 b5 13. Bb3 a6 14. f4 Bb7 15. fxe5 dxe5 16. Bg5 exd4 17. Nxd4 c5 18. Nf3 c4 19. Ba2 Nxe4 20. Nxe4 Bxe4 21. Rad1 Nc5 22. b3 c3 23. Qf2 h6 24. Bh4 g5 25. Bg3 Qb7 26. b4 Ne6 27. Ne5 Re7 28. Nxf7 Rf8 29. Rd8 Nxd8 30. Nxd8+ Kh7 31. Nxb7 Rxf2 32. Bxf2 Rxb7 33. Bc5 Bxc2 34. Bd5 Rd7 35. Be6 Rd2 36. h3 Be4 37. Rf7 c2 0-1


[Site "https://www.chess.com"]

[Event "Titled Tuesday Blitz December 7 2021"]
[White "Santos Flores, Alberto"]
[Black "Ezat, Mohamed"]
[WhiteFideId "3601234"]
[BlackFideId "10600906"]
[WhiteElo "2293"]
[BlackElo "2400"]
[Result "1-0"]
[Round "08"]
[TimeControl "180+1"]
[Date "2021.12.07"]
[WhiteClock "0:01:19"]
[BlackClock "0:01:48"]

1. e4 c6 2. d4 d5 3. Nc3 b5 4. e5 a6 5. Bd3 Nd7 6. Nce2 Nb6 7. h3 e6 8. Nf3 c5 9. c3 Ne7 10. Be3 Nc6 11. Nf4 Nc4 12. Bc1 cxd4 13. cxd4 Bb4+ 14. Kf1 O-O 15. h4 f5 16. b3 Nb6 17. Be3 Bd7 18. Rc1 Rc8 19. Ng5 Qe7 20. Rh3 Ba3 21. Rc2 1-0


[Site "https://www.chess.com"]

[Event "Titled Tuesday Blitz December 7 2021"]
[White "Saraci, Nderim"]
[Black "Shyaamnikhil P"]
[WhiteFideId "6351921"]
[BlackFideId "5024218"]
[WhiteElo "2789"]
[BlackElo "2661"]
[Result "0-1"]
[Round "08"]
[TimeControl "180+1"]
[Date "2021.12.07"]
[WhiteClock "0:00:03"]
[BlackClock "0:01:25"]

1. Nf3 Nf6 2. g3 c5 3. Bg2 Nc6 4. O-O d5 5. d4 e6 6. c4 dxc4 7. Qa4 Bd7 8. Qxc4 cxd4 9. Nxd4 Rc8 10. Nxc6 Bxc6 11. Bxc6+ Rxc6 12. Qb5 Qc8 13. Nc3 a6 14. Qb3 Be7 15. a4 O-O 16. Be3 Rc4 17. Rfd1 Rb4 18. Qc2 Nd5 19. Bd4 Bf6 20. Bxf6 Nxf6 21. Qd2 Rc4 22. Rac1 h5 23. h4 Qc6 24. b3 Rc5 25. Na2 Ne4 26. Qe3 f5 27. Rxc5 Qxc5 28. Qxc5 Nxc5 29. Nc1 a5 30. e3 Rc8 31. Kf1 Kf7 32. Rd4 Ke7 33. Rc4 Rc6 34. Ke1 e5 35. Kd1 Kd6 36. f3 b6 37. Rc2 Ke7 38. Rd2 Rg6 39. Rd5 Ke6 40. Rd8 Rxg3 41. Re8+ Kd6 42. Rg8 Rxf3 43. Rxg7 Rxe3 44. Rg5 f4 45. Rxh5 Rh3 46. Rh6+ Kd5 47. h5 f3 48. Rf6 Rh1+ 49. Kc2 Rh2+ 50. Kd1 e4 51. h6 Ke5 52. Rxb6 e3 53. Rb5 Kd4 0-1


[Site "https://www.chess.com"]

[Event "Titled Tuesday Blitz December 7 2021"]
[White "Saydaliev, Saidakbar"]
[Black "Sarana, Alexey"]
[WhiteFideId "14203693"]
[BlackFideId "24133795"]
[WhiteElo "2720"]
[BlackElo "3009"]
[Result "0-1"]
[Round "08"]
[TimeControl "180+1"]
[Date "2021.12.07"]
[WhiteClock "0:00:12"]
[BlackClock "0:01:45"]

1. d4 Nf6 2. c4 e6 3. Nf3 b6 4. g3 Bb7 5. Bg2 Be7 6. O-O O-O 7. Re1 Na6 8. Nc3 Ne4 9. Qc2 Nb4 10. Qb3 c5 11. dxc5 Bxc5 12. Nxe4 Bxe4 13. Bg5 Qc7 14. Rac1 Qb7 15. a3 Nc6 16. Be3 Rab8 17. Qc3 Rfc8 18. b4 Bf8 19. Qb2 a5 20. b5 Ne7 21. Red1 Nf5 22. Bf4 Ra8 23. a4 Bc5 24. e3 f6 25. Ne1 Bxg2 26. Nxg2 e5 27. g4 exf4 28. gxf5 fxe3 29. fxe3 Re8 30. Rd5 Re7 31. Rcd1 Rae8 32. Qd2 Rxe3 33. Nxe3 Bxe3+ 0-1


[Site "https://www.chess.com"]

[Event "Titled Tuesday Blitz December 7 2021"]
[White "Shahade, Gregory"]
[Black "Sinitsina, Anastassia"]
[WhiteFideId "2009064"]
[BlackFideId "4504640"]
[WhiteElo "2668"]
[BlackElo "2503"]
[Result "0-1"]
[Round "08"]
[TimeControl "180+1"]
[Date "2021.12.07"]
[WhiteClock "0:00:15"]
[BlackClock "0:00:52"]

1. e4 e5 2. Nf3 Nc6 3. Bb5 a6 4. Ba4 Nf6 5. O-O Nxe4 6. d4 b5 7. Bb3 d5 8. dxe5 Be6 9. Nbd2 Nc5 10. c3 d4 11. Bxe6 Nxe6 12. cxd4 Ncxd4 13. a4 Be7 14. axb5 axb5 15. Rxa8 Qxa8 16. Nxd4 Nxd4 17. Qg4 Ne6 18. Ne4 Qd5 19. Nc3 Qxe5 20. Bd2 O-O 21. Re1 Qd6 22. Ne4 Qd3 23. Qf5 Rd8 24. Bc3 Qd5 25. Qf3 b4 26. Bxg7 Nxg7 27. Nf6+ Bxf6 28. Qxf6 Qd6 29. Qg5 Qf8 30. h4 Rd6 31. h5 Qd8 32. Qg4 Rd4 33. Qg3 Rd1 34. Rxd1 Qxd1+ 35. Kh2 Qxh5+ 36. Kg1 Qd1+ 37. Kh2 Qd6 38. f4 Kf8 39. Qg5 Ne6 40. Qf6 0-1


[Site "https://www.chess.com"]

[Event "Titled Tuesday Blitz December 7 2021"]
[White "Silva, Miguel Antonio Neto"]
[Black "Dronavalli, Harika"]
[WhiteFideId "1911929"]
[BlackFideId "5015197"]
[WhiteElo "2507"]
[BlackElo "2687"]
[Result "1-0"]
[Round "08"]
[TimeControl "180+1"]
[Date "2021.12.07"]
[WhiteClock "0:00:13"]
[BlackClock "0:00:24"]

1. d4 d5 2. c4 e6 3. Nf3 Nf6 4. g3 dxc4 5. Bg2 c6 6. O-O b5 7. Ne5 Bb7 8. b3 cxb3 9. axb3 Bd6 10. Nc3 Nd5 11. Ne4 Be7 12. Ba3 b4 13. Bb2 O-O 14. Qc2 a5 15. Nc5 Bc8 16. Rfd1 f6 17. Nc4 Ra7 18. e4 Nc3 19. Bxc3 bxc3 20. Qxc3 Na6 21. Nxa6 Rxa6 22. Nxa5 Qb6 23. Nc4 Qb5 24. Rxa6 Bxa6 25. e5 Bb4 26. Qc2 Bb7 27. Be4 h6 28. Nd6 Bxd6 29. exd6 f5 30. Bg2 Rd8 31. Qc4 Qxc4 32. bxc4 Rxd6 33. f4 Kf7 34. Kf2 Kf6 35. Ke3 g5 36. Rb1 Rd7 37. Rb6 gxf4+ 38. gxf4 Rc7 39. Bf3 Ke7 40. Kd3 Kd7 41. Kc3 Bc8 42. Kb4 Kd6 43. d5 exd5 44. cxd5 Bd7 45. Kc4 h5 46. Kd4 h4 47. dxc6 Be6 48. Rb7 Rc8 49. Rb1 Ra8 50. Rb4 Ra2 51. Rb8 Rd2+ 52. Ke3 Rc2 53. Rd8+ Ke7 54. Rd2 Rc3+ 55. Rd3 Rc5 56. h3 Rc1 57. Kd4 Kd6 58. Rc3 Rd1+ 59. Ke3 Re1+ 60. Kf2 Ra1 61. c7 Bc8 62. Ke3 Ra4 63. Be2 Re4+ 64. Kf3 Rd4 65. Bd3 Bb7+ 66. Ke3 Rd5 67. c8=Q Bxc8 68. Rxc8 Ke7 69. Rc7+ Kf6 70. Rh7 Ra5 71. Rxh4 Ra1 72. Rh5 Re1+ 73. Kf2 Rh1 74. Rxf5+ Kg7 75. Ke3 Rh2 76. Ke4 Rxh3 77. Rg5+ Kf6 78. Bc4 Rh1 79. Bd5 Re1+ 80. Kf3 Rd1 81. Kg4 Rg1+ 82. Kf3 Rf1+ 83. Ke3 Rd1 84. Be4 Re1+ 85. Kd4 Rd1+ 86. Bd3 Rd2 87. Rg6+ Kf7 88. Ra6 Rd1 89. Ke4 Ke7 90. Bc4 Re1+ 91. Kf5 Rc1 92. Bd5 Rc5 93. Ke5 Rc1 94. f5 Re1+ 95. Be4 Rf1 96. Ra7+ Kd8 97. f6 Kc8 98. Bd5 Kb8 99. Re7 Re1+ 100. Kd6 Rf1 101. f7 Rf6+ 102. Kc5 Rf5 103. Re8+ Kc7 104. f8=Q Rxf8 105. Rxf8 Kd7 106. Rf7+ Ke8 107. Kd6 1-0


[Site "https://www.chess.com"]

[Event "Titled Tuesday Blitz December 7 2021"]
[White "Stoyanov, Tsvetan"]
[Black "Diaz Camallonga, Carles"]
[WhiteFideId "2917173"]
[BlackFideId "22235256"]
[WhiteElo "2627"]
[BlackElo "2742"]
[Result "1/2-1/2"]
[Round "08"]
[TimeControl "180+1"]
[Date "2021.12.07"]
[WhiteClock "0:00:07"]
[BlackClock "0:00:14"]

1. e4 e6 2. d4 d5 3. Nd2 c5 4. exd5 exd5 5. Ngf3 a6 6. dxc5 Bxc5 7. Nb3 Bb6 8. Bd3 Nf6 9. O-O O-O 10. h3 h6 11. c3 Nc6 12. Bc2 Re8 13. Nbd4 Ne4 14. Be3 Bc7 15. Re1 Qd6 16. Ne2 Bf5 17. Bf4 Qc5 18. Bxe4 dxe4 19. Nfd4 Bxf4 20. Nxf4 Rad8 21. Qb3 Nxd4 22. cxd4 Qxd4 23. Qxb7 e3 24. Qf3 exf2+ 25. Qxf2 Qxf2+ 26. Kxf2 Rd2+ 27. Kf3 Rxe1 28. Rxe1 Rxb2 29. Re8+ Kh7 30. Re7 Bg6 31. a3 Ra2 32. Re3 Bf5 33. g4 Bd7 34. Kg3 Bc6 35. Rc3 Bb5 36. Nd5 Rd2 37. Nc7 Rd3+ 38. Rxd3 Bxd3 39. Kf4 g5+ 40. Kg3 Kg7 41. h4 Kf6 42. hxg5+ hxg5 43. Kf3 Ke5 44. Ke3 Bc4 45. Ne8 Be6 46. Kf3 Kd4 47. Nf6 Kc3 48. Ne4+ Kb3 49. Nc5+ Kxa3 50. Nxa6 Bd5+ 51. Ke3 Kb3 52. Nc7 Bc6 53. Kd4 Bd7 54. Ke5 Bxg4 55. Kf6 Bd7 56. Kxg5 f5 57. Nd5 Kc4 58. Ne7 Kd4 59. Nxf5+ 1/2-1/2


[Site "https://www.chess.com"]

[Event "Titled Tuesday Blitz December 7 2021"]
[White "Sviridov, Valery"]
[Black "Koutlas, Nikolaos"]
[WhiteFideId "4120680"]
[BlackFideId "25827138"]
[WhiteElo "2989"]
[BlackElo "2563"]
[Result "1-0"]
[Round "08"]
[TimeControl "180+1"]
[Date "2021.12.07"]
[WhiteClock "0:02:21"]
[BlackClock "0:00:28"]

1. Nf3 Nf6 2. g3 g6 3. Bg2 Bg7 4. O-O O-O 5. c4 d6 6. Nc3 Nc6 7. d4 Bg4 8. d5 Na5 9. Nd2 c5 10. Qc2 a6 11. h3 Bd7 12. b3 b5 13. Bb2 Rb8 14. Rab1 e5 15. dxe6 Bxe6 16. cxb5 axb5 17. Rfd1 Qb6 18. Nce4 Nxe4 19. Nxe4 Rbd8 20. Bxg7 Kxg7 21. b4 Nc4 22. bxc5 dxc5 23. Qc3+ Kh6 24. Rxd8 Rxd8 25. g4 Rd4 26. g5+ Kg7 27. e3 b4 28. Qa1 Kf8 29. exd4 cxd4 30. Rd1 1-0


[Site "https://www.chess.com"]

[Event "Titled Tuesday Blitz December 7 2021"]
[White "Tanenbaum, Zachary"]
[Black "Stepanencu, Nicodim-Cosmin"]
[WhiteFideId "2060850"]
[BlackFideId "1256220"]
[WhiteElo "2726"]
[BlackElo "2525"]
[Result "1-0"]
[Round "08"]
[TimeControl "180+1"]
[Date "2021.12.07"]
[WhiteClock "0:00:20"]
[BlackClock "0:00:01"]

1. e4 c5 2. Nf3 d6 3. d4 cxd4 4. Nxd4 Nf6 5. Nc3 a6 6. Be3 e6 7. f3 Be7 8. Qd2 b5 9. g4 h6 10. O-O-O Bb7 11. h4 Nbd7 12. Bh3 b4 13. Nce2 d5 14. g5 Nh5 15. g6 fxg6 16. Nxe6 Qa5 17. Kb1 Ne5 18. exd5 Bf6 19. d6 Nxf3 20. Qd3 Ne5 21. d7+ Kf7 22. Qb3 Bxh1 23. d8=Q Rhxd8 24. Nxd8+ Ke7 25. Rd7+ Kf8 26. Bc5+ Qxc5 27. Ne6+ Ke8 28. Nxc5 1-0


[Site "https://www.chess.com"]

[Event "Titled Tuesday Blitz December 7 2021"]
[White "Tarlabasi, Emirhan"]
[Black "Hakemi, Arman"]
[WhiteFideId "6350275"]
[BlackFideId "22520805"]
[WhiteElo "2487"]
[BlackElo "2650"]
[Result "0-1"]
[Round "08"]
[TimeControl "180+1"]
[Date "2021.12.07"]
[WhiteClock "0:00:05"]
[BlackClock "0:00:06"]

1. e4 c5 2. Nf3 e6 3. d4 cxd4 4. Nxd4 Nc6 5. Nc3 Qc7 6. g3 a6 7. Bg2 Nf6 8. Be3 h5 9. h3 d6 10. a3 Be7 11. O-O Nxd4 12. Bxd4 e5 13. Be3 Be6 14. f4 exf4 15. gxf4 b5 16. e5 dxe5 17. Bxa8 exf4 18. Rxf4 Bd6 19. Rd4 Bc5 20. Rd8+ Ke7 21. Rxh8 Bxe3+ 22. Kh1 Bb6 23. Bg2 Qe5 24. Qe2 Qg3 25. Qf3 Qe5 26. Qb7+ Bc7 27. Kg1 Qh2+ 28. Kf2 Qg3+ 29. Kg1 Qe3+ 30. Kh1 Qe5 31. Kg1 g5 32. Rd1 Ne8 33. Nd5+ Bxd5 34. Qxd5 Qxh8 35. Qd7+ Kf8 36. Re1 Bb6+ 37. Kh1 Nf6 38. Qd6+ Kg7 39. Qxb6 Qc8 40. Qd4 Qxc2 41. Rf1 Qg6 42. Be4 Qh6 43. Qe5 g4 44. Rxf6 Qxf6 45. Qxf6+ Kxf6 46. hxg4 hxg4 47. Kg2 Ke5 48. Bb7 a5 49. Ba6 b4 50. axb4 axb4 51. b3 f5 52. Bc4 Kf4 53. Be6 Ke5 54. Bd7 Kf4 55. Kf2 Kg5 56. Kg3 f4+ 57. Kf2 Kh4 58. Kg2 Kg5 59. Kf2 Kh5 60. Ke2 Kh4 61. Kd3 Kg3 62. Ke4 f3 63. Ke3 f2 64. Bb5 Kg2 65. Kf4 g3 66. Bc6+ Kg1 67. Bb5 g2 0-1


[Site "https://www.chess.com"]

[Event "Titled Tuesday Blitz December 7 2021"]
[White "Todorovic, Bojan"]
[Black "Zhigalko, Sergei"]
[WhiteFideId "917087"]
[BlackFideId "13502956"]
[WhiteElo "2359"]
[BlackElo "2905"]
[Result "0-1"]
[Round "08"]
[TimeControl "180+1"]
[Date "2021.12.07"]
[WhiteClock "0:00:05"]
[BlackClock "0:00:39"]

1. Nf3 d5 2. g3 c6 3. Bg2 Bg4 4. O-O Nd7 5. d3 e6 6. Nbd2 Bd6 7. b3 Ne7 8. Bb2 O-O 9. e4 a5 10. a4 Re8 11. Qe2 Bh5 12. Rfe1 Qb6 13. Nf1 Rad8 14. h4 f6 15. Bh3 e5 16. Be6+ Kh8 17. N1h2 Nc5 18. Bh3 Nc8 19. g4 Bf7 20. g5 dxe4 21. dxe4 Ne6 22. Bc1 Bb4 23. Rf1 Nd6 24. Kh1 Bg6 25. gxf6 gxf6 26. Ng4 Bxe4 27. Nxf6 Nd4 28. Qxe4 Nxe4 29. Nxd4 Nxf6 30. Ne6 Rd6 31. Be3 c5 32. Ng5 Qc7 33. Rg1 h6 0-1


[Site "https://www.chess.com"]

[Event "Titled Tuesday Blitz December 7 2021"]
[White "Vantika, Agrawal"]
[Black "Maksimenko, Viktor"]
[WhiteFideId "25050389"]
[BlackFideId "13710478"]
[WhiteElo "2496"]
[BlackElo "2665"]
[Result "1-0"]
[Round "08"]
[TimeControl "180+1"]
[Date "2021.12.07"]
[WhiteClock "0:02:17"]
[BlackClock "0:02:17"]

1. Nf3 d5 2. e3 Nf6 3. c4 e6 4. b3 c5 5. Bb2 Nc6 6. cxd5 exd5 7. d4 Nxd4 8. exd4 Be6 9. Bb5+ Bd7 10. Bxd7+ Qxd7 11. O-O Be7 12. dxc5 O-O 13. b4 a5 14. a3 Ra6 15. Nbd2 Bd8 16. Ne5 Qf5 17. Ndf3 Bc7 18. Re1 Ne4 19. Qxd5 1-0


[Site "https://www.chess.com"]

[Event "Titled Tuesday Blitz December 7 2021"]
[White "Vlassov, Nikolai"]
[Black "Madaminov, Mukhiddin"]
[WhiteFideId "4103360"]
[BlackFideId "14210703"]
[WhiteElo "2589"]
[BlackElo "2727"]
[Result "1-0"]
[Round "08"]
[TimeControl "180+1"]
[Date "2021.12.07"]
[WhiteClock "0:01:44"]
[BlackClock "0:00:14"]

1. e4 c5 2. c3 Nf6 3. e5 Nd5 4. d4 cxd4 5. cxd4 d6 6. Bc4 e6 7. Nf3 Nc6 8. O-O Be7 9. Qe2 O-O 10. Qe4 dxe5 11. dxe5 Qa5 12. Bd3 g6 13. Bh6 Rd8 14. Nbd2 Ndb4 15. Bc4 b5 16. Bb3 Bb7 17. a3 Nd3 18. Bc2 Nxb2 19. Rfb1 Qc3 20. Ra2 Na5 21. Qf4 Nbc4 22. Be4 Nxd2 23. Nxd2 Bxe4 24. Nxe4 Qb3 25. Raa1 1-0


[Site "https://www.chess.com"]

[Event "Titled Tuesday Blitz December 7 2021"]
[White "Volkov, Maksim"]
[Black "Mikhailovsky, Vladimir"]
[WhiteFideId "54123070"]
[BlackFideId "34105414"]
[WhiteElo "2535"]
[BlackElo "2763"]
[Result "0-1"]
[Round "08"]
[TimeControl "180+1"]
[Date "2021.12.07"]
[WhiteClock "0:00:57"]
[BlackClock "0:00:17"]

1. d4 Nf6 2. c4 c5 3. Nf3 e6 4. d5 d6 5. Nc3 exd5 6. cxd5 g6 7. g3 Bg7 8. Bg2 O-O 9. O-O Re8 10. Bf4 a6 11. a4 Bf5 12. Nd2 Nh5 13. e4 Nxf4 14. gxf4 Bd7 15. Nc4 Qc7 16. Re1 Bxc3 17. bxc3 b5 18. axb5 Bxb5 19. Na5 c4 20. e5 Nd7 21. e6 Nc5 22. Qd4 f5 23. Re3 Rab8 24. h4 h5 25. Bf1 Kh7 26. Bxc4 Bxc4 27. Qxc4 Qe7 28. Nc6 Qxh4 29. Nxb8 Rxb8 30. e7 Re8 31. Rae1 Qg4+ 32. Rg3 Qh4 33. Re6 Nxe6 34. dxe6 Qxe7 35. Re3 Kh6 36. Qxa6 Qh4 37. Qxd6 Rd8 38. Qxd8 Qxd8 39. e7 Qe8 40. Kg2 Kg7 41. Kg3 Kf7 42. Kh4 Qxe7+ 43. Rxe7+ Kxe7 44. Kg5 Ke6 45. f3 Kd5 46. Kxg6 h4 47. Kxf5 h3 48. Kg6 h2 49. f5 h1=Q 50. f6 Qxf3 51. f7 Ke6 0-1


[Site "https://www.chess.com"]